 Dungeon Crawl Stone Soup version 0.31-a0-108-gdf935468f2 (webtiles) character file.

Game seed: 2854470721009960925

101 pokeman the Magician (level 4, -2/25 HPs)
             Began as a Deep Elf Hedge Wizard on May 26, 2023.
             Slain by a scorpion (4 damage)
             ... on level 3 of the Dungeon on May 27, 2023.
             The game lasted 00:03:47 (2672 turns).

pokeman the Magician (Deep Elf Hedge Wizard)        Turns: 2672, Time: 00:03:47

Health: -2/25      AC:  2    Str:  7    XL:     4   Next: 48%
Magic:  7/13       EV: 12    Int: 21    God:
Gold:   162        SH:  0    Dex: 14    Spells: 6/14 levels left

rFire   . . .        e - +1 short sword (venom)
rCold   . . .        (no shield)
rNeg    . . .        b - +0 robe
rPois   .            c - +0 hat
rElec   .            (no cloak)
rCorr   .            (no gloves)
SInv    .            (no boots)
Will    +....        (no amulet)
Stlth   +            (no ring)
HPRegen 0.24/turn    (no ring)
MPRegen 0.13/turn

%: no passive effects
@: confused, lethally poisoned (-2 -> -4), enlightened, flying, very slightly
contaminated
A: no striking features
a: no special abilities


You were on level 3 of the Dungeon.
You visited 1 branch of the dungeon, and saw 3 of its levels.

You collected 186 gold pieces.
You spent 24 gold pieces at shops.

Inventory:

Hand Weapons
 e - a +1 short sword of venom (weapon)
Armour
 b - a +0 robe (worn)
 c - a +0 hat (worn)
 k - +0 shadow dragon scales
Jewellery
 o - an amulet of faith
Wands
 l - a wand of flame (24)
Scrolls
 g - a scroll of blinking {unknown}
 i - 4 scrolls of identify
 j - a scroll of torment {unknown}
 p - a scroll of poison {unknown}
 q - a scroll of noise {unknown}
Potions
 d - 2 potions of magic
 f - a potion of haste {unknown}
 h - a potion of might {unknown}
 m - a potion of curing {unknown}
 n - 2 potions of degeneration {unknown}


   Skills:
 + Level 1.2 Fighting
 - Level 1.0 Armour
 + Level 2.8 Dodging
 - Level 2.4 Stealth
 * Level 5.7 Spellcasting
 + Level 2.2 Conjurations
 - Level 1.1 Summonings
 - Level 1.1 Translocations


You had 6 spell levels left.
You knew the following spells:

 Your Spells              Type           Power      Damage    Failure   Level
a - Magic Dart            Conj           60%        1d6       4%          1
b - Mephitic Cloud        Conj/Pois/Air  9%         N/A       22%         3
c - Call Imp              Summ           20%        N/A       10%         2
d - Blink                 Tloc           20%        N/A       10%         2

Your spell library contained the following spells:

 Spells                   Type           Power      Damage    Failure   Level
 Slow                     Hex            24%        N/A       10%         1
 Cigotuvi's Dreadful Rot  Necr/Pois/Air  12%        N/A       16%         2


Dungeon Overview and Level Annotations

Branches:
Dungeon (3/15)

Altars:

Shops:
D:2 *


Message History

The spell is extremely dangerous to miscast (22% risk of failure)!
Continue anyway?
Aiming: Mephitic Cloud (extremely dangerous; 22% risk of failure)
Press: ? - help, Shift-Dir - straight line, f/p - scorpion
Aim: a scorpion (chance to affect: 81%) That beam is likely to hit you.
Continue anyway?
The ball explodes into a vile cloud!
The stinking cloud engulfs the scorpion but does no damage.
The stinking cloud engulfs you but does no damage.
You are engulfed in noxious fumes.
You choke on the stench!
You are confused.
You feel very sick.
The scorpion is engulfed in noxious fumes.
The scorpion closely misses you.
The scorpion is engulfed in noxious fumes.
The scorpion appears confused.
The scorpion barely misses you.
Unknown command.
Unknown command.
You bump into the rock wall.
You are engulfed in noxious fumes.
You choke on the stench!
You are more confused.
You feel sick.
The scorpion is engulfed in noxious fumes.
The scorpion appears confused.
The scorpion misses you.
You barely miss the scorpion.
You are engulfed in noxious fumes.
You choke on the stench!
You are more confused.
You feel sick.
The scorpion is engulfed in noxious fumes.
The scorpion appears confused.
The scorpion stings you.
* * * LOW HITPOINT WARNING * * *
You're too confused to move!
* * * LOW HITPOINT WARNING * * *
You feel sick.
The scorpion closely misses the gnoll.
The gnoll closely misses you.
Unknown command.
It was a potion of enlightenment.
You feel very buoyant.
You fly up into the air.
* * * LOW HITPOINT WARNING * * *
You feel sick. The scorpion stings you.
You die...

....# ...# b$.# #..
..# #.### .[# #.#..
#.# #.#.###### #g#
#.#..g@..# .# #.#
#.#.).s#.#
...##:#####.#.####.#
#.....s...........###
####.#####.#........#
#..# #.#......###
##... #.#..........
###.#)#...........
..#.....#####.


You could see a scorpion (confused) and a gnoll.

Vanquished Creatures
  An iguana (D:2)
  2 gnolls (D:3)
  5 bats
  5 endoplasms
  2 giant cockroaches
  8 goblins
  2 hobgoblins
  4 jackals (D:2)
  5 kobolds
  2 quokkas (D:2)
  5 ball pythons
  6 frilled lizards
  3 rats
50 creatures vanquished.

Notes
Turn   | Place    | Note
-------+----------+-------------------------------------------
     0 | D:1      | pokeman the Deep Elf Hedge Wizard began the quest for the
                  | Orb.
     0 | D:1      | Reached XP level 1. HP: 10/10 MP: 7/7
   238 | D:1      | Reached XP level 2. HP: 15/15 MP: 0/9
  1070 | D:1      | Reached skill level 5 in Spellcasting
  1309 | D:1      | Upgraded the game from 0.31-a0-102-g33a4ccc0cb to
                  | 0.31-a0-108-gdf935468f2
  1530 | D:2      | Reached XP level 3. HP: 20/20 MP: 8/11
  1534 | D:2      | Learned a level 3 spell: Mephitic Cloud
  1537 | D:2      | Learned a level 2 spell: Call Imp
  1540 | D:2      | Learned a level 2 spell: Blink
  1691 | D:2      | Found Tanen's General Store.
  1709 | D:2      | Bought a scroll of identify for 24 gold pieces
  2029 | D:2      | Reached skill level 1 in Armour
  2162 | D:2      | Reached skill level 1 in Fighting
  2303 | D:2      | Reached XP level 4. HP: 19/25 MP: 9/13
  2533 | D:3      | Identified the +6 leather armour "Buigh" {rElec}
  2560 | D:3      | Noticed a scorpion
  2672 | D:3      | Slain by a scorpion

Illustrated notes

Levels and vault maps discovered:
D:1:      dpeg_arrival_circle_labyrinth_c, layout_basic
D:2:      layout_basic, serial_shops, nicolae_square_shop,
          kennysheep_generic_room_10
D:3:      layout_basic

Skill      XL: |  1  2  3 |
---------------+----------+-----
Spellcasting   | 5 |  5.7
Armour         | 1 |  1.0
Fighting       | 1 |  1.2
Conjurations   | 2 |  2.2
Dodging        | |  2.8
Stealth        | |  2.4
Summonings     | |  1.1
Translocations | |  1.1

Action                     |  1- 3 |  4- 6 || total
---------------------------+-------+-------++-------
  Melee: Dagger            |     1 |       ||     1
         Short sword       |     7 |     8 ||    15
   Cast: Magic Dart        |   111 |     5 ||   116
         Mephitic Cloud    |     1 |     4 ||     5
    Use: Potion            |       |     1 ||     1
   Stab: Sleeping          |     3 |       ||     3
         Confused          |     1 |     1 ||     2
 Armour: Robe              |     7 |       ||     7
  Dodge: Dodged            |     8 |    15 ||    23

Table legend: (Time is in decaauts)
 A = Elapsed time spent in this place.
 B = Non-inter-level travel time spent in this place.
 C = Inter-level travel time spent in this place.
 D = Time resting spent in this place.
 E = Time spent auto-exploring this place.
 F = Levels seen in this place.
 G = Mean time per level.
                   A        B        C        D        E       F      G
               +--------+--------+--------+--------+--------+-----+--------+
         Total |   2672 |   2528 |    144 |    106 |   2127 |   3 |  890.7 |
       Dungeon |   2672 |   2528 |    144 |    106 |   2127 |   3 |  890.7 |
               +--------+--------+--------+--------+--------+-----+--------+

Top non-repeatable levels by time:
     D:1: 1374 daAuts
     D:2: 1236 daAuts
     D:3: 61 daAuts
